AoeStats
← hezarfen

Black Forest

509862081Analyzed
4v4 RM · 2d ago on Sep 28, 2026· 54m 56s· 8 players
Game mode
Random Map
Map size
Large (8 player)
Population
200
Speed
Normal
Resources
Standard
Victory
Conquest
Starting age
Dark Age
Ending age
Imperial Age
RankedLock teamsTeams togetherTeam positionsShared explorationLock speedFull tech treeHidden civsTurbo modeCheats
Victory
Defeat
🇹🇷 Khmer · Türkiye
1244
+17
🇨🇳 Mongols · China
1240
+17
🇨🇳 Italians · China
1238
+17
🇪🇸 Bohemians · Spain
1210
+18
🇨🇳 Bulgarians · China
1323
-20
🇨🇳 Varangians · China
1251
-17
🇹🇼 Khmer · Taiwan
1229
-16
🇲🇳 Mongols · Mongolia
1220
-16
永远在进步
10:45 Feudal Age
14:21 Castle Age
12:29 Horse Collar
13:53 Double-Bit Axe
15:57 Heavy Plow
20:14 Wheelbarrow
21:23 Bow Saw
23:12 Hand Cart
24:20 Gold Mining
24:26 Stone Mining
24:48 Loom
26:12 Gold Shaft Mining
26:21 Stone Shaft Mining
31:08 Imperial Age
29:11 Ballistics
29:03 Masonry
29:41 Padded Archer Armor
29:31 Fletching
30:48 Masonry
30:46 Caravan
31:17 Coinage
31:10 Onager
33:26 Bloodlines
33:16 Husbandry
33:25 Scale Barding Armor
33:31 Forging
32:44 Man-at-Arms
32:44 Pikeman
34:30 Chemistry
33:47 Leather Archer Armor
33:28 Bodkin Arrow
34:05 Conscription
34:50 Banking
33:55 Elite Mangudai
35:06 Parthian Tactics
34:48 Thumb Ring
35:12 Chain Barding Armor
35:24 Light Cavalry
38:25 Town Watch
38:48 Bracer
39:24 Iron Casting
38:27 Hussar
46:40 Siege Onager
46:41 Capped Ram
49:28 Siege Ram
WEN
1:51 Loom
15:40 Feudal Age
16:05 Man-at-Arms
20:25 Double-Bit Axe
21:56 Stone Mining
23:47 Horse Collar
31:24 Fletching
38:01 Wheelbarrow
44:18 Fishing Lines
48:11 Castle Age
47:14 Gold Mining
48:06 Padded Archer Armor
52:12 Bow Saw
52:03 Bodkin Arrow
54:22 Leather Archer Armor
hezarfen
0:28 Loom
12:49 Feudal Age
14:05 Wheelbarrow
13:18 Double-Bit Axe
18:00 Castle Age
16:12 Horse Collar
19:20 Bow Saw
22:54 Heavy Plow
24:51 Scale Barding Armor
24:50 Gold Mining
25:26 Forging
27:32 Gold Shaft Mining
26:50 Stone Mining
27:43 Chain Barding Armor
29:03 Iron Casting
29:02 Husbandry
31:04 Stone Shaft Mining
30:23 Fletching
32:51 Hand Cart
32:57 Bodkin Arrow
33:57 Bloodlines
35:29 Town Watch
36:09 Tusk Swords
36:21 Scale Mail Armor
36:59 Padded Archer Armor
41:05 Imperial Age
39:54 Coinage
40:16 Leather Archer Armor
40:18 Chain Mail Armor
41:42 Ballistics
42:49 Chemistry
42:18 Conscription
43:09 Blast Furnace
42:47 Plate Barding Armor
42:13 Bracer
42:54 Double Crossbow
42:39 Heavy Scorpion
44:36 Banking
43:43 Elite Ballista Elephant
45:33 Town Patrol
46:36 Siege Engineers
47:37 Masonry
48:04 Ring Archer Armor
48:34 Blast Furnace
49:21 Architecture
48:59 Light Cavalry
50:14 Elite Battle Elephant
CARANZA
1:20 Loom
12:23 Feudal Age
12:52 Double-Bit Axe
13:56 Man-at-Arms
22:55 Castle Age
21:19 Horse Collar
23:46 Fletching
23:57 Padded Archer Armor
24:47 Wheelbarrow
24:14 Heavy Plow
24:25 Bow Saw
30:36 Imperial Age
27:35 Pikeman
28:16 Squires
29:02 Forging
30:49 Chemistry
31:27 Iron Casting
31:25 Halberdier
34:32 Blast Furnace
34:34 Arson
36:25 Bombard Tower
37:40 Hussite Reforms
37:48 Wagenburg Tactics
38:23 Guard Tower
38:19 Arrowslits
39:17 Scale Mail Armor
40:21 Houfnice
43:32 Siege Engineers
44:17 Chain Mail Armor
49:42 Two-Man Saw
51:07 Caravan
55:30 Coinage
55:10 Guilds
一梦千年
0:38 Loom
13:30 Feudal Age
20:18 Castle Age
19:55 Forging
20:29 Double-Bit Axe
35:57 Scale Mail Armor
37:00 Squires
37:25 Fletching
37:36 Padded Archer Armor
38:32 Horse Collar
41:01 Fishing Lines
41:16 Elite Skirmisher
42:17 Bodkin Arrow
42:39 Leather Archer Armor
44:41 Bow Saw
52:55 Fortified Wall
l852693
1:31 Loom
17:18 Feudal Age
20:42 Double-Bit Axe
28:12 Castle Age
26:11 Horse Collar
26:58 Gold Mining
27:33 Scale Barding Armor
27:38 Forging
29:17 Forging
31:08 Bloodlines
30:58 Husbandry
34:14 Bow Saw
35:13 Iron Casting
40:49 Gold Shaft Mining
40:05 Stone Mining
43:25 Chain Barding Armor
48:18 Imperial Age
46:59 Wheelbarrow
47:05 Wheelbarrow
48:12 Fletching
50:18 Plate Barding Armor
49:39 Bodkin Arrow
55:19 Bodkin Arrow
买麻衣也用劵
6:05 Loom
12:24 Feudal Age
13:10 Double-Bit Axe
13:26 Horse Collar
15:59 Castle Age
17:26 Bow Saw
17:17 Scale Mail Armor
18:07 Heavy Plow
23:29 Gold Mining
24:34 Wheelbarrow
25:38 Gold Shaft Mining
25:50 Hand Cart
30:07 Imperial Age
28:12 Pikeman
28:53 Squires
28:41 Arson
29:20 Chain Mail Armor
29:16 Forging
30:13 Gambesons
31:12 Iron Casting
30:42 Scale Barding Armor
30:54 Bloodlines
30:45 Husbandry
30:05 Light Cavalry
30:16 Onager
32:02 Chemistry
31:44 Crop Rotation
31:19 Stone Mining
32:32 Plate Mail Armor
33:02 Blast Furnace
32:23 Chain Barding Armor
32:11 Siege Onager
32:44 Hussar
33:08 Capped Ram
33:32 Halberdier
35:09 Plate Barding Armor
37:10 Siege Ram
37:47 Stirrups
37:53 Bagains
39:26 Siege Engineers
41:22 Conscription
46:44 Cavalier
47:36 Fletching
47:46 Padded Archer Armor
XYHHY
0:56 Loom
11:45 Feudal Age
17:29 Castle Age
15:16 Double-Bit Axe
15:31 Horse Collar
16:36 Stone Mining
20:30 Fletching
22:04 Bodkin Arrow
23:16 Padded Archer Armor
26:06 Husbandry
29:10 Bloodlines
29:16 Leather Archer Armor
30:47 Ballistics
32:51 Heavy Plow
33:01 Bow Saw
34:02 Wheelbarrow
37:19 Imperial Age
34:37 Town Watch
38:05 Bracer
39:08 Chemistry
37:59 Elite Mangudai
39:00 Conscription
40:01 Parthian Tactics
44:24 Drill
44:30 Murder Holes
45:27 Onager
47:50 Siege Onager
Connection lost

Rejoining the realm…

Still unreachable

The connection could not be restored.

Session expired

The server has moved on; the page needs a fresh start.